Map: Pylon LE

Players

LigerMaNN - Winner!

  • Race: Zerg Zerg
  • League: Diamond
  • Spawn Location: 5:00

Zyzz

  • Race: Protoss Protoss
  • League: Diamond
  • Spawn Location: 11:00

VOD

Have the link to the VOD?

Description

Time

  • Played on: July 3, 2025, 12:36 a.m.
  • Length: 9:57
Show
View Real Time Build Order
Export as new Build Order

LigerMaNN Zerg - Winner!

Build Orders: Pool First 

Get SALT Encoding   

  12  0:17  Spawning Pool  
  11  0:22  Drone  
  11  0:26  Drone  
  13  0:33  Drone  
  14  0:41  Overlord  
  14  1:05  Zergling x6  
  17  1:15  Hatchery  
  17  1:18  Zergling x2  
  17  1:31  Zergling x2  
  18  1:48  Zergling x2  
  18  1:49  Zergling x2  
  18  1:51  Queen  
  21  2:18  Overlord  
  21  2:19  Overlord  
  17  2:53  Zergling x12  
  17  2:56  Queen  
  23  3:07  Drone x2  
  25  3:24  Drone  
  25  3:25  Drone  
  25  3:26  Drone x2  
  29  3:39  Spine Crawler x2  
  25  3:46  Drone x4  
  29  3:51  Spine Crawler  
  29  3:53  Spine Crawler  
  27  3:56  Drone x2  
  29  4:03  Drone  
  30  4:10  Drone x4  
  30  4:15  Drone x3  
  33  4:36  Drone  
  33  4:38  Overlord x3  
  34  4:39  Drone x2  
  34  4:40  Drone  
  37  4:49  Hatchery  
  36  4:55  Drone x3  
  36  4:56  Drone  
  36  4:59  Overlord  
  40  5:11  Extractor  
  39  5:14  Roach Warren  
  39  5:15  Evolution Chamber  
  39  5:16  Drone x3  
  39  5:18  Drone  
  41  5:43  Extractor  
  41  5:49  Queen  
  42  5:51  Drone x2  
  42  5:55  Queen  
  46  6:00  Roach x2  
  50  6:10  Drone  
  50  6:11  Drone x9  
  60  6:13  Queen  
  62  6:23  Hatchery  
  61  6:26  Roach x3  
  61  6:28  Roach  
  69  6:34  Hatchery  
  68  6:41  Drone x2, Extractor  
  68  6:42  Drone, Extractor  
  68  6:43  Drone x3  
  68  6:44  Drone x2  
  74  6:49  Overlord  
  74  6:50  Overlord  
  74  7:16  Roach x8  
  74  7:18  Zerg Missile Weapons Level 1  
  74  7:20  Lair  
  90  7:31  Overlord x4  
  90  7:39  Spine Crawler  
  90  7:41  Spine Crawler  
  88  7:45  Roach x4  
  93  8:21  Roach  
  93  8:22  Roach x16  
  93  8:23  Roach  
  127  8:29  Roach  
  127  8:30  Overlord x3  
  127  8:31  Overlord, Glial Reconstitution  
  122  8:49  Drone  
  122  8:50  Drone x4  
  122  8:53  Drone x3  
  130  8:58  Spine Crawler  
  130  9:00  Spine Crawler  
  130  9:01  Drone  
  130  9:02  Drone x5  
  134  9:08  Queen  
  136  9:32  Roach  
  136  9:33  Roach x9  
Show
View Real Time Build Order
Export as new Build Order

Zyzz Protoss 

Build Orders: 1 Gate Expand 

Get SALT Encoding   

  1  0:00  Probe  
  13  0:21  Pylon, Probe  
  14  0:33  Probe  
  15  0:42  Gateway  
  15  0:45  Probe  
  15  0:46  Assimilator  
  16  0:55  Probe  
  17  1:19  Nexus  
  17  1:32  Gateway  
  17  1:35  Zealot  
  17  1:37  Cybernetics Core  
  19  1:42  Pylon  
  19  1:56  Zealot  
  19  2:15  Gateway  
  19  2:21  Pylon  
  19  2:29  Adept  
  16  3:02  Gateway  
  16  3:04  Adept  
  20  3:13  Shield Battery  
  18  3:22  Nexus  
  18  3:32  Gateway  
  18  3:44  Adept  
  18  3:45  Probe  
  21  3:59  Probe  
  22  4:09  Probe  
  23  4:17  Probe  
  23  4:20  Stalker  
  23  4:21  Assimilator  
  24  4:25  Probe  
  27  4:31  Warp Gate  
  27  4:37  Probe  
  28  4:44  Probe  
  29  4:49  Probe  
  30  4:56  Probe  
  31  5:01  Probe  
  32  5:09  Probe  
  32  5:13  Pylon, Probe  
  34  5:17  Pylon  
  34  5:21  Probe  
  35  5:25  Probe  
  36  5:31  Twilight Council  
  36  5:33  Probe  
  37  5:38  Shield Battery, Probe  
  37  5:40  Gateway  
  37  5:41  Probe  
  38  5:49  Probe  
  39  5:50  Probe  
  41  5:59  Probe  
  41  6:00  Adept  
  41  6:01  Resonating Glaives  
  41  6:02  Probe  
  44  6:04  Sentry  
  46  6:34  Probe  
  46  6:37  Probe  
  48  6:44  Pylon, Gateway  
  48  6:47  Gateway  
  48  6:48  Probe  
  48  6:49  Adept x4  
  57  6:58  Probe  
  59  7:01  Pylon, Probe  
  59  7:10  Adept x3  
  59  7:11  Adept  
  67  7:35  Adept x3  
  67  7:36  Adept  
  75  7:43  Probe x2  
  77  7:54  Gateway  
  77  7:55  Probe  
  77  7:56  Gateway, Pylon  
  78  8:14  Probe  
  75  8:25  Probe  
  68  8:34  Probe  
  68  8:35  Adept  
  68  8:37  Probe  
  72  8:46  Gateway  
  64  8:50  Sentry x3  
  64  8:51  Stalker x3  
  64  8:52  Gateway  
  64  8:54  Zealot  
  70  8:57  Nexus  
  70  8:59  Pylon  
  70  9:02  Zealot  
  72  9:03  Assimilator  
  72  9:05  Assimilator  
  72  9:07  Probe  
  73  9:15  Robotics Facility  
  73  9:16  Assimilator, Zealot x3  
  79  9:17  Assimilator  
  79  9:22  Probe  
  80  9:31  Probe  
  81  9:39  Zealot x2  
  81  9:40  Zealot x3  
  83  9:47  Zealot x2  
Tags
 
Add a new tag
Caveats
  • Supply blocks, unpowered buildings, or Contaminate may cause inaccurate times.
  • Supply counts are checked every 10 seconds.